 Dungeon Crawl Stone Soup version 0.29-a0-233-g1125b37a9b (webtiles) character file.

Game seed: 15718618437702229612

3850 enile the Fighter (level 10, -4/72 HPs)
             Began as an Octopode Wanderer on Mar 2, 2022.
             Was an Elder of Vehumet.
             Succumbed to a water moccasin's poison
             ... on level 7 of the Dungeon.
             The game lasted 00:18:15 (10788 turns).

enile the Fighter (Octopode Wanderer)              Turns: 10788, Time: 00:18:15

Health: -4/72      AC:  1    Str: 11    XL:     10   Next: 18%
Magic:  8/17       EV: 15    Int: 17    God:    Vehumet [****..]
Gold:   394        SH:  0    Dex: 14    Spells: 8/19 levels left

rFire   . . .      SeeInvis .   L - +0 flail (protect)
rCold   . . .      Faith    .   (no shield)
rNeg    . . .      Spirit   .   c - +0 hat
rPois   .          Reflect  .   m - amulet of regeneration
rElec   .          Harm     .   A - ring of resist corrosion
rCorr   +          Rampage  .   (no ring)
Will    .....                   (no ring)
Stlth   ++++......              (no ring)
HPRegen 1.02/turn               (no ring)
MPRegen 0.15/turn               (no ring)
                                (no ring)
                                (no ring)

@: mighty, brilliant, lethally poisoned (-4 -> -25), flying
A: almost no armour, amphibious, 8 rings, camouflage 1, gelatinous body 1,
(nimble swimmer 1), tentacles
a: Renounce Religion


You were on level 7 of the Dungeon.
You worshipped Vehumet.
Vehumet was greatly pleased with you.
You visited 1 branch of the dungeon, and saw 8 of its levels.
You also visited: Sewer.

You collected 394 gold pieces.

Inventory:

Hand Weapons
 a - a +0 hand crossbow
 b - a +0 short sword
 u - a +2 dagger of speed
 y - a +0 dagger of venom
 B - a +2 hand axe of electrocution
 E - a +0 short sword of venom
 L - a +0 flail of protection (weapon)
Missiles
 f - 2 throwing nets (quivered)
 h - 273 stones
 n - 23 poisoned darts
 w - 5 curare-tipped darts
Armour
 c - a +0 hat (worn)
Jewellery
 m - an amulet of regeneration (around mantle)
 A - a ring of resist corrosion (left tentacle)
Wands
 i - a wand of flame (26)
 K - a wand of polymorph (3)
Scrolls
 d - a scroll of fear {unknown}
 e - 2 scrolls of teleportation {unknown}
 g - a scroll of silence
 k - 2 scrolls of blinking
 r - 2 scrolls of amnesia {unknown}
 z - 6 scrolls of identify
 F - a scroll of noise {unknown}
 G - 3 scrolls of fog {unknown}
 H - a scroll of enchant armour {unknown}
 M - a scroll of summoning {unknown}
Potions
 j - 2 potions of might
 l - a potion of ambrosia {unknown}
 o - 2 potions of mutation {unknown}
 p - 2 potions of heal wounds {unknown}
 q - a potion of haste {unknown}
 s - a potion of resistance {unknown}
 t - 2 potions of magic {unknown}
 v - 2 potions of brilliance
 x - 2 potions of degeneration {unknown}
 C - a potion of invisibility {unknown}
 D - a potion of cancellation {unknown}
 I - 2 potions of curing {unknown}
 J - a potion of flight


   Skills:
 - Level 8.0 Fighting
 - Level 4.0 Short Blades
 - Level 2.0 Maces & Flails
 - Level 3.0 Crossbows
 + Level 6.2 Dodging
 - Level 5.0 Stealth
 - Level 5.0 Spellcasting
 - Level 3.0 Conjurations
 - Level 1.0 Fire Magic
 - Level 5.0 Earth Magic
 - Level 5.0 Evocations


You had 8 spell levels left.
You knew the following spells:

 Your Spells              Type           Power      Damage    Failure   Level
a - Sandblast             Erth           62%        2d14      1%          1
b - Freeze                Ice            24%        1d5       4%          1
c - Scorch                Fire           22%        2d6       4%          2
d - Stone Arrow           Conj/Erth      52%        3d10      2%          3
e - Hailstorm             Conj/Ice       14%        3d5       19%         4

Your spell library contained the following spells:

 Spells                   Type           Power      Damage    Failure   Level
 Call Canine Familiar     Summ           6%         N/A       38%         3
 Portal Projectile        Hex/Tloc       12%        N/A       38%         3
 Leda's Liquefaction      Hex/Erth       9%         N/A       45%         4


Dungeon Overview and Level Annotations

Branches:
Dungeon (8/15)             Temple (0/1) D:4           Sewer (visited)
   Lair: D:8-11

Altars:
Okawaru
Vehumet
Yredelemnul

Shops:
D:2 (

Annotations:
D:3 3 runed translucent doors, hoogis's ghost, weakling DgFi


Innate Abilities, Weirdness & Mutations

You cannot wear most types of armour.
You are amphibious.
You can wear up to eight rings at the same time.
Your skin changes colour to match your surroundings (Stealth+).
Your rubbery body absorbs attacks. (AC +1, EV +1)
((You are camouflaged when in or above water. (Stealth+)))
You have tentacles for arms and can constrict up to eight enemies at once.


Message History

A mysterious force pulls you upwards. The hatch slams shut behind you.
You feel extremely sick.
You barely miss the water moccasin. Your grab misses the water moccasin.
You squeeze the water moccasin.
The water moccasin is severely wounded.
You feel extremely sick. The water moccasin bites you. The kobold misses you.
The water moccasin bites you! The kobold closely misses you.
Okay, then.
It was a potion of might.
You feel very mighty all of a sudden.
You feel very sick. The water moccasin misses you. The kobold misses you.
You closely miss the water moccasin. Your grab misses the water moccasin.
The water moccasin is severely wounded.
You feel very sick. The water moccasin bites you.
* * * LOW HITPOINT WARNING * * *
You are lethally poisoned!
The water moccasin poisons you!
The water moccasin completely misses you.
The kobold barely misses you.
Okay, then.
You feel mightier all of a sudden.
* * * LOW HITPOINT WARNING * * *
You feel very sick. The water moccasin closely misses you.
The kobold barely misses you.
It was a potion of flight.
You feel very buoyant.
You fly up into the air.
* * * LOW HITPOINT WARNING * * *
You feel very sick. The water moccasin closely misses you.
The kobold completely misses you. The water moccasin bites you.
* * * LOW HITPOINT WARNING * * *
You are more poisoned.
The water moccasin poisons you!
It was a potion of brilliance.
You feel clever all of a sudden.
You die...

#..................#
#.........##..##..#####
##..##)...##..##..##..##
#..###..........[......#
########...##....##.))........#
##..##..##..##....##<[##..#######
#.......##..##........######..##.
##......##..##.............#.....
##...†..))..##.S@.##.......#.....
##..##>)##..##)K..##..##..###+##.
##..######...#........##..##..##.
....#....#...#..............)....
#...#....#...#...................
#..###..##...#........##..##.....
##..###'##...#........###+##.....
#...#g.g....##....##......##..###
#...'.......##....##......###†###


You could see a water moccasin and a kobold.

Vanquished Creatures
  Pikel (D:6)
  Maggie (D:6)
  A wraith (D:7)
  2 wyverns
  3 yaks
  Duvessa (D:6)
  A water moccasin (D:8)
  2 orc warriors
  A sky beast (D:7)
  An ice beast (D:6)
  A centaur (D:7)
  A phantom (D:4)
  3 kobold brigands
  A gnoll sergeant (D:7)
  A necrophage (D:4)
  3 bullfrogs
  2 scorpions
  5 wights (D:7)
  Dowan (D:6)
  A howler monkey (D:6)
  A jelly (D:8)
  2 orc priests (D:7)
  3 hounds
  3 orc wizards
  11 adders
  4 gnolls (D:7)
  6 river rats (Sewer)
  A shadow imp (D:6)
  A white imp (D:7)
  A worm (D:3)
  18 orcs
  3 endoplasms
  4 giant cockroaches
  5 goblins
  4 hobgoblins
  15 jackals
  30 kobolds
  7 quokkas
  10 ball pythons
  A bat (D:1)
  6 frilled lizards
  36 rats
205 creatures vanquished.

Vanquished Creatures (others)
  4 plants (D:3)
4 creatures vanquished.

Grand Total: 209 creatures vanquished

Notes
Turn   | Place    | Note
-------+----------+-------------------------------------------
     0 | D:1      | enile the Octopode Wanderer began the quest for the Orb.
     0 | D:1      | enile set off with the following items: a +0 hand crossbow,
                  | 3 throwing nets, a +0 hat, a potion of lignification
     0 | D:1      | Reached XP level 1. HP: 16/16 MP: 1/1
    81 | D:1      | Reached XP level 2. HP: 21/21 MP: 2/2
   516 | D:1      | Found a faded altar of an unknown god.
   651 | D:1      | Reached skill level 4 in Fighting
  1065 | D:1      | Prayed at the altar of an unknown god.
  1065 | D:1      | Became a worshipper of Vehumet
  1065 | D:1      | Reached * piety under Vehumet
  1065 | D:1      | Offered knowledge of Sandblast by Vehumet.
  1068 | D:1      | Learned a level 1 spell: Sandblast
  1309 | D:2      | Reached skill level 1 in Stealth
  1309 | D:2      | Reached XP level 3. HP: 27/27 MP: 3/3
  1367 | D:2      | Found Usummib's Antique Weapon Shoppe.
  2000 | D:2      | Reached XP level 4. HP: 25/33 MP: 4/4
  2003 | D:2      | Offered knowledge of Freeze by Vehumet.
  2245 | D:2      | Learned a level 1 spell: Freeze
  2255 | D:3      | Noticed a kobold brigand
  2255 | D:3      | Found a runed translucent gate.
  2255 | D:3      | Found a runed translucent gate.
  2255 | D:3      | Found a runed translucent gate.
  2257 | D:3      | Noticed hoogis's ghost (weakling DgFi)
  2321 | D:3      | Reached ** piety under Vehumet
  2362 | D:3      | Found a glowing drain.
  2395 | Sewer    | Entered a sewer
  2542 | Sewer    | Noticed a kobold brigand
  2588 | Sewer    | Reached skill level 5 in Fighting
  2632 | Sewer    | Reached XP level 5. HP: 39/39 MP: 5/5
  2638 | Sewer    | Killed a kobold brigand
  2647 | Sewer    | Reached skill level 5 in Stealth
  2782 | Sewer    | Offered knowledge of Scorch by Vehumet.
  2787 | Sewer    | Learned a level 2 spell: Scorch
  2853 | Sewer    | Reached skill level 1 in Spellcasting
  2859 | Sewer    | Reached *** piety under Vehumet
  2863 | Sewer    | Reached XP level 6. HP: 28/45 MP: 7/7
  3180 | Sewer    | Offered knowledge of Stone Arrow by Vehumet.
  3191 | Sewer    | Learned a level 3 spell: Stone Arrow
  3618 | D:3      | Reached skill level 6 in Fighting
  3743 | D:3      | Found an iron altar of Okawaru.
  4155 | D:3      | Reached **** piety under Vehumet
  4621 | D:4      | Reached skill level 1 in Earth Magic
  4621 | D:4      | Reached XP level 7. HP: 44/52 MP: 8/10
  4674 | D:4      | Reached skill level 1 in Short Blades
  4965 | D:4      | Found a staircase to the Ecumenical Temple.
  5025 | D:4      | Offered knowledge of Hailstorm by Vehumet.
  5134 | D:4      | Found a basalt altar of Yredelemnul.
  5451 | D:5      | Entered Level 5 of the Dungeon
  5665 | D:5      | Noticed a yak
  5671 | D:5      | Noticed a yak
  5676 | D:5      | Killed a yak
  5728 | D:5      | Noticed a yak
  5742 | D:4      | Killed a yak
  5743 | D:4      | Reached XP level 8. HP: 46/57 MP: 3/13
  5834 | D:4      | Killed a yak
  6003 | D:5      | Noticed a wyvern
  6010 | D:5      | Killed a wyvern
  7288 | D:6      | Noticed Dowan
  7290 | D:6      | Noticed Duvessa
  7722 | D:6      | Killed Duvessa
  7723 | D:6      | Reached skill level 5 in Dodging
  7813 | D:6      | Killed Dowan
  8294 | D:6      | Noticed Pikel
  8300 | D:6      | Reached XP level 9. HP: 62/62 MP: 9/15
  8308 | D:6      | Killed Pikel
  8309 | D:6      | Reached skill level 5 in Evocations
  8309 | D:6      | Reached skill level 1 in Fire Magic
  8461 | D:6      | Noticed Maggie
  8476 | D:6      | Killed Maggie
  8477 | D:6      | Reached skill level 5 in Spellcasting
  9581 | D:7      | Reached skill level 7 in Fighting
  9790 | D:7      | Reached skill level 5 in Earth Magic
  9957 | D:7      | Reached skill level 1 in Maces & Flails
  9958 | D:7      | Reached XP level 10. HP: 65/69 MP: 4/17
 10684 | D:8      | Reached skill level 8 in Fighting
 10689 | D:8      | Learned a level 4 spell: Hailstorm
 10787 | D:7      | HP: 3/72 [poisoned by a water moccasin]
 10788 | D:7      | Succumbed to a water moccasin's poison

Illustrated notes

Levels and vault maps discovered:
D:1:      beargit_arrival_diablo_church, layout_loops_corners,
          nicolae_ecumenical_lake_church
D:2:      layout_loops_ring, serial_shops, shop, kennysheep_cluttered_room
D:3:      layout_basic, okawaru_gym_becter, gammafunk_ghost_nasty_kobolds,
          portal_sewer_entry_f, minmay_misc_feat_iff, hangedman_feature_mirror
D:4:      layout_basic, lemuel_doored_altar, minmay_temple_entry_mist
D:5:      layout_layer_cave, kennysheep_dice
D:6:      layout_cave_pods, uniq_pikel, uniq_duvessa, uniq_maggie
D:7:      layout_gridville
D:8:      layout_rooms, slow_altar_1, grunt_ministairs_11

Skill      XL: |  1  2  3  4  5  6  7  8  9 10 |
---------------+-------------------------------+-----
Fighting       | 4 5 6 7 8 |  8.0
Stealth        | 1 3 5 |  5.0
Spellcasting   | 1 2 3 4 5 |  5.0
Earth Magic    | 1 3 5 |  5.0
Short Blades   | 2 3 4 |  4.0
Conjurations   | 2 3 |  3.0
Evocations     | 4 5 |  5.0
Dodging        | 6 |  6.2
Fire Magic     | 1 |  1.0
Maces & Flails | 1 2 |  2.0
Crossbows      | |  3.0

Action                   |  1- 3 |  4- 6 |  7- 9 | 10-12 || total
-------------------------+-------+-------+-------+-------++-------
Melee: Short sword       |    13 |   139 |    50 |       ||   202
       Constrict         |     6 |    47 |    15 |     4 ||    72
       Tentacles         |     3 |    42 |    25 |     3 ||    73
       Punch             |       |     2 |     2 |       ||     4
       Dagger            |       |    47 |    16 |       ||    63
       Flail             |       |       |    34 |    15 ||    49
 Fire: Hand crossbow     |    83 |    14 |       |       ||    97
Throw: Throwing net      |       |       |     4 |       ||     4
 Cast: Sandblast         |     3 |    13 |     5 |     1 ||    22
       Scorch            |       |     8 |     3 |       ||    11
       Stone Arrow       |       |    13 |   106 |    18 ||   137
       Hailstorm         |       |       |       |     2 ||     2
  Use: Scroll            |       |     2 |       |       ||     2
       Potion            |       |     1 |       |     4 ||     5
 Stab: Sleeping          |       |     4 |       |       ||     4
       Held in net/web   |       |       |     1 |       ||     1
Armor: Skin              |     4 |    20 |    12 |     1 ||    37
Dodge: Dodged            |    41 |   113 |    62 |    33 ||   249

Table legend: (Time is in decaauts)
 A = Elapsed time spent in this place.
 B = Non-inter-level travel time spent in this place.
 C = Inter-level travel time spent in this place.
 D = Time resting spent in this place.
 E = Time spent auto-exploring this place.
 F = Levels seen in this place.
 G = Mean time per level.
                   A        B        C        D        E       F      G
               +--------+--------+--------+--------+--------+-----+--------+
         Total |  10841 |  10426 |    415 |    733 |   7895 |   9 | 1204.6 |
       Dungeon |   9646 |   9231 |    415 |    564 |   7367 |   8 | 1205.8 |
         Sewer |   1195 |   1195 |      0 |    169 |    528 |   1 | 1195.0 |
               +--------+--------+--------+--------+--------+-----+--------+

Top non-repeatable levels by time:
     D:5: 1882 daAuts
     D:7: 1572 daAuts
     D:6: 1345 daAuts
     D:1: 1242 daAuts
   Sewer: 1195 daAuts
     D:3: 1140 daAuts
     D:4: 1044 daAuts
     D:2: 1039 daAuts
     D:8: 380 daAuts
